Map: Tokamak LE

Players

LigerMaNN

  • Race: Zerg Zerg
  • League: Diamond
  • Spawn Location: 1:00

harrykjg - Winner!

  • Race: Protoss Protoss
  • League: Diamond
  • Spawn Location: 7:00

VOD

Have the link to the VOD?

Description

Time

  • Played on: June 8, 2025, 12:35 a.m.
  • Length: 7:35
Show
View Real Time Build Order
Export as new Build Order

LigerMaNN Zerg 

Build Orders: Pool First, Zergling Baneling 

Get SALT Encoding   

  12  0:01  Drone  
  13  0:13  Drone  
  14  0:18  Drone, Extractor  
  15  0:22  Overlord  
  15  0:40  Drone x2  
  17  0:58  Extractor, Spawning Pool  
  17  0:59  Drone x2  
  17  1:07  Drone  
  18  1:20  Drone  
  19  1:30  Hatchery  
  18  1:46  Zergling x4  
  20  1:48  Queen  
  20  1:50  Overlord  
  22  2:11  Metabolic Boost  
  22  2:18  Baneling Nest  
  22  2:20  Zergling x4  
  23  2:24  Overlord  
  23  2:31  Queen  
  23  2:35  Zergling x2  
  26  2:51  Zergling x4  
  28  2:59  Zergling x6  
  28  3:00  Zergling x2  
  28  3:02  Zergling x2  
  33  3:09  Overlord  
  26  3:51  Zergling x22  
  34  4:04  Drone x2  
  36  4:10  Baneling  
  36  4:11  Baneling x4  
  36  4:24  Baneling x7  
  36  4:28  Zergling x4  
  36  4:30  Zergling x2  
  39  4:34  Zergling x2  
  29  5:13  Zergling x2  
  29  5:14  Zergling x16  
  34  5:25  Zergling x6  
  35  5:38  Queen  
  24  6:20  Zergling x22  
  33  6:32  Drone x3  
  36  6:51  Zergling x6  
  36  6:52  Zergling x2  
  40  6:55  Baneling x3  
  40  6:56  Baneling  
  40  6:57  Baneling  
  40  6:59  Baneling  
  40  7:01  Baneling  
  40  7:02  Baneling  
  40  7:04  Baneling  
Show
View Real Time Build Order
Export as new Build Order

harrykjg Protoss - Winner!

Build Orders: 1 Gate Expand 

Get SALT Encoding   

  12  0:00  Probe  
  13  0:15  Pylon, Probe  
  14  0:23  Probe  
  15  0:37  Gateway  
  15  0:38  Probe  
  16  0:46  Assimilator  
  16  0:50  Probe  
  17  0:59  Probe  
  18  1:07  Probe  
  19  1:16  Probe  
  20  1:28  Probe  
  21  1:34  Nexus  
  21  1:48  Cybernetics Core  
  21  1:50  Probe  
  22  2:01  Pylon  
  22  2:02  Probe  
  22  2:07  Assimilator  
  23  2:11  Zealot  
  23  2:14  Probe  
  25  2:26  Stargate  
  25  2:27  Probe  
  26  2:36  Adept  
  26  2:39  Warp Gate  
  26  2:40  Probe  
  29  2:45  Probe  
  30  2:52  Probe  
  30  2:53  Probe, Shield Battery  
  32  3:00  Assimilator  
  32  3:02  Probe  
  32  3:04  Probe  
  34  3:14  Probe  
  34  3:16  Pylon, Probe  
  34  3:18  Adept  
  38  3:34  Probe  
  38  3:35  Probe  
  38  3:40  Shield Battery  
  40  3:42  Gateway  
  40  3:44  Pylon  
  40  3:48  Probe  
  40  3:50  Probe  
  42  4:00  Probe  
  43  4:05  Fleet Beacon  
  43  4:08  Assimilator  
  43  4:10  Probe  
  43  4:13  Probe  
  45  4:18  Probe  
  45  4:21  Stargate  
  46  4:25  Probe  
  46  4:28  Probe  
  46  4:45  Stalker  
  46  4:48  Probe x2  
  51  4:59  Adept  
  48  5:10  Pylon, Gateway x2  
  48  5:14  Oracle  
  48  5:15  Zealot  
  47  5:29  Zealot  
  47  5:32  Probe x2  
  50  5:38  Zealot  
  50  5:39  Forge  
  50  5:44  Probe x2  
  50  5:45  Pylon  
  52  5:54  Gateway  
  52  5:56  Probe  
  51  6:02  Cybernetics Core  
  51  6:06  Zealot x2  
  51  6:07  Pylon, Zealot  
  51  6:10  Carrier  
  51  6:27  Probe  
  51  6:28  Probe  
  59  6:35  Gateway  
  59  6:37  Gateway  
  59  6:40  Forge  
  59  6:43  Pylon  
  59  6:45  Pylon  
  59  6:48  Adept x3  
  59  6:49  Stalker  
  67  7:03  Probe  
  67  7:16  Stalker x2  
  67  7:17  Stalker  
  67  7:18  Stalker  
  70  7:35  Nexus  
Tags
 
Add a new tag
Caveats
  • Supply blocks, unpowered buildings, or Contaminate may cause inaccurate times.
  • Supply counts are checked every 10 seconds.